 Dungeon Crawl Stone Soup version 0.31-a0-1576-ga3383bade6 (webtiles) character file.

Game seed: 843631270819112747

404 Flugslaktarn the Trooper (level 6, -9/57 HPs)
             Began as a Minotaur Fighter on Jan 4, 2024.
             Was a Follower of Okawaru.
             Mangled by Prince Ribbit (15 damage)
             ... on level 5 of the Dungeon.
             The game lasted 00:01:42 (2595 turns).

Flugslaktarn the Trooper (Minotaur Fighter)         Turns: 2595, Time: 00:01:43

Health: -9/57      AC:  7    Str: 23    XL:     6   Next: 56%
Magic:  5/5        EV:  8    Int:  5    God:    Okawaru [*.....]
Gold:   255        SH:  4    Dex:  9    Spells: 5/5 levels left

rFire   . . .        a - +0 war axe
rCold   . . .        c - +0 buckler
rNeg    . . .        k - +0 chain mail
rPois   .            (helmet restricted)
rElec   .            t - +0 cloak
rCorr   .            (no gloves)
SInv    .            (no boots)
Will    .....        (no amulet) Stlth
                     (no ring)
HPRegen 0.29/turn    (no ring)
MPRegen 0.09/turn

%: no passive effects
@: about to teleport, weak-willed, corroded
A: horns 2, retaliatory headbutt
a: Renounce Religion, Heroism


You were on level 5 of the Dungeon.
You worshipped Okawaru.
Okawaru was aware of your devotion.
You visited 1 branch of the dungeon, and saw 5 of its levels.

You collected 255 gold pieces.

Inventory:

Hand Weapons
 a - a +0 war axe (weapon)
Armour
 b - a +0 scale mail
 c - a +0 buckler (worn)
 k - a +0 chain mail (worn)
   (You found it on level 2 of the Dungeon)
 t - a +0 cloak (worn)
   (You found it on level 4 of the Dungeon)
Wands
 p - a wand of iceblast (12)
   (You found it on level 3 of the Dungeon)
Scrolls
 d - a scroll of butterflies {unknown}
 e - a scroll of poison
 h - 4 scrolls of revelation
 l - a scroll of fog {unknown}
 m - a scroll of noise {unknown}
 n - 2 scrolls of vulnerability
 r - 5 scrolls of identify
Potions
 g - a potion of attraction {unknown}
 i - 2 potions of haste {unknown}
 j - a potion of ambrosia {unknown}
 o - a potion of lignification {unknown}
 s - a potion of invisibility {unknown}


   Skills:
 * Level 6.0 Fighting
 * Level 5.2 Axes
 + Level 4.9 Armour
 + Level 4.8 Shields


You had 5 spell levels left.
You didn't know any spells.
Your spell library contained the following spells:

 Spells                   Type           Power      Damage    Failure   Level
 Freeze                   Ice            0%         1d3       98%         1
 Frozen Ramparts          Ice            0%         1d1       100%        3
 Hailstorm                Conj/Ice       0%         3d5       100%        3
 Inner Flame              Hex/Fire       0%         N/A       100%        3
 Flame Wave               Conj/Fire      0%         2d4       100%        4
 Sticky Flame             Fire/Alch      0%         2d4       100%        4


Dungeon Overview and Level Annotations

Branches:
Dungeon (5/15)             Temple (0/1) D:4

Altars:
Cheibriados
Hepliaklqana
Makhleb
Nemelex Xobeh
Okawaru
Sif Muna
Wu Jian

Annotations:
D:3 3 runed translucent doors, Flugslaktarn's ghost, weakling OpAl
D:5 Prince Ribbit


Innate Abilities, Weirdness & Mutations

You have a pair of horns on your head.
You reflexively headbutt those who attack you in melee.


Message History

You closely miss the goblin. You headbutt the goblin.
The goblin is severely wounded.
You block the goblin's attack. x2
You slash the goblin!
You kill the goblin!
Okawaru accepts your kill.
No target in view!
No target in view!
No target in view!
No target in view!
You see here a ball python corpse.
You now have 255 gold pieces (gained 4).
A hobgoblin comes into view.
A hobgoblin is nearby!
A hobgoblin is nearby!
A hobgoblin is nearby!
The hobgoblin hits you.
You slash the hobgoblin!
You kill the hobgoblin!
Okawaru accepts your kill.
No target in view!
No target in view!
No target in view!
HP restored.
The kobold brigand shouts!
The kobold shouts! x2
The kobold shouts! x2; You hear a shout!
The kobold shouts!
Flugslaktarn's ghost turns its malevolent gaze towards you.
The kobold shouts!
No reachable target in view!
Could not explore, unopened runed door.
Could not explore, unopened runed door.
Could not explore, unopened runed door.
No reachable target in view!
There is a stone staircase leading down here.
You climb downwards.
There is a stone staircase leading up here.
Unknown command.
Done exploring.
Done exploring.
There is a stone staircase leading down here.
You climb downwards.
You hear the sound of rushing water.
There is an entrance to a sewer on this level.
Hurry and find it before the portal rusts away!
Found a stone staircase leading up.
There is a stone staircase leading up here.
You open the door.
Prince Ribbit comes into view.
Prince Ribbit croaks.
Prince Ribbit moves out of view.
Prince Ribbit blinks!
There is an open door here.
Prince Ribbit is nearby!
Found a falchion.
Prince Ribbit winks and puckers his lips.
Prince Ribbit hits you.
A jelly comes into view.
You hit Prince Ribbit but do no damage. Your headbutt misses Prince Ribbit.
Prince Ribbit hits you but does no damage.
Prince Ribbit hits you!
You barely miss Prince Ribbit.
Prince Ribbit blinks!
Prince Ribbit hits you.
You closely miss Prince Ribbit. Your headbutt misses Prince Ribbit.
Prince Ribbit hits you.
You miss Prince Ribbit. Your headbutt misses Prince Ribbit.
Prince Ribbit hits you! Prince Ribbit hits you.
You are too injured to fight recklessly!
You are too injured to fight recklessly!
You barely miss Prince Ribbit. Prince Ribbit hits you.
Prince Ribbit hits you but does no damage.
Okay, then.
Prince Ribbit blinks!
The jelly attacks as it pursues you! The jelly hits you but does no damage.
The jelly attacks as it pursues you! The jelly hits you but does no damage.
As you read the scroll labelled LOQOHE MYRALUI, it crumbles to dust.
It is a scroll of identify.
h - 4 scrolls of revelation;
r - 5 scrolls of identify
f - a scroll labelled PEGUDUI TIWKOGG The jelly hits you but does no damage.
Unknown command.
As you read the scroll labelled RIZ UNEYCK, it crumbles to dust.
A wave of despondency washes over your surroundings.
It was a scroll of vulnerability.
The jelly hits you but does no damage.
The air fills with toxic fumes!
As you read the scroll labelled XOOCAF AHECH, it crumbles to dust.
It was a scroll of poison.
Prince Ribbit barely misses you. The jelly hits you. The acid corrodes you!
You are splashed with acid.
* * * LOW HITPOINT WARNING * * *
Prince Ribbit hits you.
* * * LOW HITPOINT WARNING * * *
Unknown command.
You feel better. Prince Ribbit hits you.
* * * LOW HITPOINT WARNING * * *
The jelly hits you.
* * * LOW HITPOINT WARNING * * *
You are splashed with acid!
* * * LOW HITPOINT WARNING * * *
As you read the scroll labelled PEGUDUI TIWKOGG, it crumbles to dust.
You feel strangely unstable.
It was a scroll of teleportation.
Prince Ribbit hits you!
You die...

#.............<
#.........§§§§§§
#.§.......§§§§§##
#.§§......§§§§§§§
#.§§§.....§§§§§#
...§§§....§§§§§
.....§§<..§§§..
...##+#§##§#...
#§J@§#
..§§§§§###F#
###§§.. §§§
..§.... §###
....... ##
.....## .....
)....


You could see Prince Ribbit and a jelly (weak-willed).

Vanquished Creatures
  Sigmund (D:4)
  A hound (D:4)
  A jelly (D:4)
  An iguana (D:4)
  7 adders
  2 ribbon worms
  2 dart slugs (D:1)
  2 orcs
  7 endoplasms
  2 giant cockroaches
  7 goblins
  10 hobgoblins
  4 quokkas
  15 ball pythons
  8 bats
  4 frilled lizards
  4 kobolds
  8 rats
86 creatures vanquished.

Notes
Turn   | Place    | Note
-------+----------+-------------------------------------------
     0 | D:1      | Flugslaktarn the Minotaur Fighter began the quest for the
                  | Orb.
     0 | D:1      | Reached XP level 1. HP: 19/19 MP: 0/0
   148 | D:1      | Reached XP level 2. HP: 26/27 MP: 1/1
   176 | D:1      | Reached skill level 4 in Fighting
   524 | D:1      | Reached XP level 3. HP: 33/33 MP: 2/2
   597 | D:2      | Found an iron altar of Okawaru.
   609 | D:2      | Found a faded altar of an unknown god.
   611 | D:2      | Noticed an eye of devastation
   623 | D:2      | Became a worshipper of Warmaster Okawaru
   812 | D:2      | Noticed an eye of devastation
   816 | D:2      | Noticed a shining eye
   822 | D:2      | Noticed an eye of devastation
   956 | D:2      | Reached XP level 4. HP: 41/41 MP: 3/3
  1268 | D:3      | Found a runed translucent gate.
  1270 | D:3      | Found a runed translucent gate.
  1271 | D:3      | Found a runed translucent gate.
  1276 | D:3      | Noticed a kobold brigand
  1276 | D:3      | Noticed Flugslaktarn's ghost (weakling OpAl)
  1471 | D:3      | Found a sparkling altar of Nemelex Xobeh.
  1471 | D:3      | Found a hazy altar of Hepliaklqana.
  1479 | D:3      | Found an ornate altar of the Wu Jian Council.
  1482 | D:3      | Found a burning altar of Makhleb.
  1484 | D:3      | Found a shimmering blue altar of Sif Muna.
  1670 | D:4      | Noticed Sigmund
  1676 | D:4      | Reached skill level 5 in Fighting
  1676 | D:4      | Reached XP level 5. HP: 34/48 MP: 4/4
  1676 | D:4      | Killed Sigmund
  1676 | D:4      | Reached * piety under Okawaru
  1677 | D:4      | Reached XP level 6. HP: 40/57 MP: 5/5
  1758 | D:4      | Found a staircase to the Ecumenical Temple.
  1782 | D:4      | Reached skill level 5 in Axes
  2103 | D:4      | Reached skill level 6 in Fighting
  2117 | D:4      | Found a snail-covered altar of Cheibriados.
  2580 | D:5      | Entered Level 5 of the Dungeon
  2581 | D:5      | Noticed Prince Ribbit
  2595 | D:5      | Mangled by Prince Ribbit

Illustrated notes

Levels and vault maps discovered:
D:1:      dpeg_arrival_morbid_curiosity, layout_rooms
D:2:      layout_rooms, basic_altar, hellmonk_ecumenical_altar_watching_god,
          corexii_corridor_pit, minmay_misc_feat_hallway
D:3:      minmay_spotlight, layout_loops_ring,
          chequers_temple_overflow_minitemple, gammafunk_ghost_nasty_kobolds
D:4:      layout_cave_pods, old_standard_altar, minmay_temple_entry_slanted,
          uniq_sigmund
D:5:      layout_basic, portal_sewer_entry_f, uniq_prince_ribbit1, uniq_ijyb

Skill      XL: |  1  2  3  4  5  6 |
---------------+-------------------+-----
Fighting       | 4 5 6 |  6.0
Axes           | 3 4 5 |  5.2
Armour         | 4 |  4.9
Shields        | 4 |  4.8

Action                     |  1- 3 |  4- 6 || total
---------------------------+-------+-------++-------
  Melee: War axe           |    73 |    80 ||   153
         Headbutt          |     8 |    10 ||    18
    Use: Potion            |       |     3 ||     3
         Scroll            |       |     4 ||     4
 Armour: Scale mail        |    30 |       ||    30
         Chain mail        |    10 |    63 ||    73
  Dodge: Dodged            |    43 |    33 ||    76
  Block: Buckler           |    20 |    17 ||    37

Table legend: (Time is in decaauts)
 A = Elapsed time spent in this place.
 B = Non-inter-level travel time spent in this place.
 C = Inter-level travel time spent in this place.
 D = Time resting spent in this place.
 E = Time spent auto-exploring this place.
 F = Levels seen in this place.
 G = Mean time per level.
                   A        B        C        D        E       F      G
               +--------+--------+--------+--------+--------+-----+--------+
         Total |   2647 |   2539 |    108 |      0 |   2048 |   5 |  529.4 |
       Dungeon |   2647 |   2539 |    108 |      0 |   2048 |   5 |  529.4 |
               +--------+--------+--------+--------+--------+-----+--------+

Top non-repeatable levels by time:
     D:3: 879 daAuts
     D:4: 714 daAuts
     D:1: 571 daAuts
     D:2: 465 daAuts
     D:5: 16 daAuts
